 Dungeon Crawl Stone Soup version 0.28-a0-32-g8dfe7f97f6 (webtiles) character file.

Game seed: 6714692220381932609

67 zezblit the Bolt Thrower (level 4, -3/25 HPs)
             Began as a Kobold Arcane Marksman on July 27, 2021.
             Slain by Terence (6 damage)
             ... on level 2 of the Dungeon on Sept 1, 2021.
             The game lasted 00:13:17 (2465 turns).

zezblit the Bolt Thrower (Kobold Arcane Marksman)   Turns: 2465, Time: 00:13:17

Health: -3/25      AC:  3    Str:  7    XL:     4   Next: 40%
Magic:  0/5        EV: 15    Int: 14    God:
Gold:   104        SH:  0    Dex: 16    Spells: 4/5 levels left

rFire   . . .      SeeInvis .   a - +0 hand crossbow
rCold   . . .      Faith    .   (shield restricted)
rNeg    . . .      Spirit   +   d - +0 robe
rPois   .          Reflect  .   (no helmet)
rElec   .          Harm     .   (no cloak)
rCorr   .          Rampage  .   n - +0 pair of gloves
Will    .....                   (no boots)
Stlth   +++.......              h - amulet of guardian spirit
HPRegen 0.08/turn               (no ring)
MPRegen 0.09/turn               (no ring)

@: no status effects
A: small, no large weapons, nightstalker 3
a: no special abilities


You were on level 2 of the Dungeon.
You visited 1 branch of the dungeon, and saw 2 of its levels.

You collected 104 gold pieces.

Inventory:

Hand Weapons
 a - a +0 hand crossbow (weapon)
 b - a +0 dagger
 e - a +0 short sword
 k - a +0 whip
Missiles
 c - 5 bolts (quivered ammo)
 f - 40 stones
Armour
 d - a +0 robe (worn)
 n - a +0 pair of gloves (worn)
Jewellery
 h - an amulet of guardian spirit (around neck)
 o - a ring of positive energy
Scrolls
 g - a scroll of enchant armour {unknown}
 i - a scroll of teleportation {unknown}
 j - 2 scrolls of identify {unknown}
 l - a scroll of immolation {unknown}
 m - 2 scrolls of holy word {unknown}
 p - a scroll of fear {unknown}


   Skills:
 - Level 1.1 Fighting
 + Level 4.1 Crossbows
 + Level 2.7 Dodging
 + Level 0.4 Stealth
 + Level 1.1 Spellcasting
 + Level 3.7 Hexes


You had 4 spell levels left.
You knew the following spells:

 Your Spells              Type           Power      Damage    Failure   Level
a - Corona                Hex            12%        N/A       5%          1

Your spell library contained the following spells:

 Spells                   Type           Power      Damage    Failure   Level
 Slow                     Hex            11%        N/A       9%          2
 Corpse Rot               Necr/Air       N/A        N/A       36%         2
 Poisonous Vapours        Pois/Air       0%         N/A       36%         2
 Inner Flame              Hex/Fire       6%         N/A       36%         3
 Portal Projectile        Hex/Tloc       12%        N/A       36%         3
 Cause Fear               Hex            5%         N/A       50%         4
 Freezing Cloud           Conj/Ice/Air   0%         6-21      100%        5


Dungeon Overview and Level Annotations

Branches:
Dungeon (2/15)

Altars:

Annotations:
D:2 Terence


Innate Abilities, Weirdness & Mutations

You are small and have problems with some larger weapons.
You are completely attuned to the shadows.


Message History

Press: ? - help, Q - select action, (/) - cycle Shift-Dir - straight line, f/p - Terence
Aim: Terence, wielding a +0 flail and wearing a +0 chain mail (heavily wounded, 72% to hit)
You shoot a bolt. The bolt closely misses Terence.
Terence hits you with a +0 flail.
* * * LOW HITPOINT WARNING * * *
Fire: 8 bolts
Press: ? - help, Q - select action, (/) - cycle Shift-Dir - straight line, f/p - Terence
Aim: Terence, wielding a +0 flail and wearing a +0 chain mail (heavily wounded, 72% to hit)
You shoot a bolt.
The bolt hits Terence but does no damage.
Terence is heavily wounded.
Terence misses you. Terence hits you with a +0 flail.
* * * LOW HITPOINT WARNING * * *
Fire: 7 bolts
Press: ? - help, Q - select action, (/) - cycle Shift-Dir - straight line, f/p - Terence
Aim: Terence, wielding a +0 flail and wearing a +0 chain mail (heavily wounded, 72% to hit)
You shoot a bolt.
The bolt hits Terence but does no damage.
Terence is heavily wounded.
Terence closely misses you.
Fire: 6 bolts
Press: ? - help, Q - select action, (/) - cycle Shift-Dir - straight line, f/p - Terence
Aim: Terence, wielding a +0 flail and wearing a +0 chain mail (heavily wounded, 72% to hit)
You shoot a bolt.
The bolt hits Terence but does no damage.
Terence is heavily wounded.
Terence hits you with a +0 flail.
* * * LOW HITPOINT WARNING * * *
Level annotation: Terence Welcome back, zezblit the Kobold Arcane Marksman.
Press ? for a list of commands and other information.
Really attack while wielding your +0 hand crossbow? [Y]es or [N]o only, please.
Really attack while wielding your +0 hand crossbow?
Okay, then.
Really attack while wielding your +0 hand crossbow?
You closely miss Terence.
Terence is heavily wounded.
Terence hits you with a +0 flail!
You die...

####.#...####<.......
#.......## ##.......
#.##.##.# ##.....#
#.#...#.##### ##.....
#.#...#.....# ##..##
#.#...#.###.# #..#
#.......# ####.##.#
#@##.# #@##.# .
#.##...# #(###(#
#(..(# #####.# .# .


You could see Terence.

Vanquished Creatures
  A gnoll (D:1)
  An adder (D:1)
  3 dart slugs (D:1)
  2 endoplasms (D:1)
  6 giant cockroaches (D:2)
  2 goblins
  4 hobgoblins (D:1)
  6 jackals (D:1)
  3 ball pythons (D:1)
  4 bats (D:1)
  2 frilled lizards (D:1)
  3 kobolds (D:1)
  6 rats
43 creatures vanquished.

Notes
Turn   | Place    | Note
-------+----------+-------------------------------------------
     0 | D:1      | zezblit the Kobold Arcane Marksman began the quest for the
                  | Orb.
     0 | D:1      | Reached XP level 1. HP: 12/12 MP: 2/2
   203 | D:1      | Found a faded altar of an unknown god.
   245 | D:1      | Reached XP level 2. HP: 10/16 MP: 3/3
  1176 | D:1      | Reached skill level 3 in Crossbows
  1176 | D:1      | Reached XP level 3. HP: 18/20 MP: 2/4
  1844 | D:1      | Reached XP level 4. HP: 9/25 MP: 0/5
  2267 | D:2      | Reached skill level 4 in Crossbows
  2437 | D:2      | Noticed Terence
  2465 | D:2      | Slain by Terence

Illustrated notes

Levels and vault maps discovered:
D:1:      grunt_arrival_lava_bath, layout_loops_corners, basic_ecumenical_altar
D:2:      layout_loops_corners, minmay_worlds_worst_comb, uniq_terence

Skill      XL: |  1  2  3  4 |
---------------+-------------+-----
Crossbows      | 3 4 |  4.1
Fighting       | |  1.1
Dodging        | |  2.7
Stealth        | |  0.4
Spellcasting   | |  1.1
Hexes          | |  3.7

Action                   |  1- 3 |  4- 6 || total
-------------------------+-------+-------++-------
Melee: Dagger            |     2 |       ||     2
       Hand crossbow     |     1 |     1 ||     2
 Fire: Hand crossbow     |    78 |    35 ||   113
 Cast: Corona            |     5 |     1 ||     6
Armor: Robe              |    12 |     2 ||    14
Dodge: Dodged            |    37 |    19 ||    56

Table legend: (Time is in decaauts)
 A = Elapsed time spent in this place.
 B = Non-inter-level travel time spent in this place.
 C = Inter-level travel time spent in this place.
 D = Time resting spent in this place.
 E = Time spent auto-exploring this place.
 F = Levels seen in this place.
 G = Mean time per level.
                   A        B        C        D        E       F      G
               +--------+--------+--------+--------+--------+-----+--------+
         Total |   2505 |   2478 |     27 |    897 |   1103 |   2 | 1252.5 |
       Dungeon |   2505 |   2478 |     27 |    897 |   1103 |   2 | 1252.5 |
               +--------+--------+--------+--------+--------+-----+--------+

Top non-repeatable levels by time:
     D:1: 2266 daAuts
     D:2: 238 daAuts
